 Dungeon Crawl Stone Soup version 0.26.0-16-gc1dbca0489 (webtiles) character file.

Game seed: 5486161767267288960

249 JustYaKnow the Covered (level 5, -5/47 HPs)
             Began as a Minotaur Fighter on Jan 20, 2021.
             Was an Initiate of Cheibriados.
             Slain by an ogre
             ... wielding a +0 giant spiked club
              (19 damage)
             ... on level 4 of the Dungeon.
             The game lasted 00:04:04 (2811 turns).

JustYaKnow the Covered (Minotaur Fighter)           Turns: 2811, Time: 00:04:05

Health: -5/47      AC:  7    Str: 23    XL:     5   Next: 86%
Magic:  4/4        EV:  8    Int:  6    God:    Cheibriados [......]
Gold:   174        SH: 15    Dex: 10    Spells: 4/4 levels left

rFire    . . .     SeeInvis .   a - +0 long sword
rCold    . . .     Faith    .   r - +0 kite shield
rNeg     . . .     Spirit   .   b - +0 scale mail
rPois    .         Reflect  +   (helmet restricted)
rElec    .         Harm     .   (no cloak)
rCorr    .         Rampage  .   (no gloves)
Will     .....                  (no boots)
Stlth    ..........             e - amulet of reflection
HPRegen  0.15/turn              (no ring)
MPRegen  0.09/turn              (no ring)

@: mighty, very slow
A: retaliatory headbutt, horns 2
a: Renounce Religion, Bend Time


You were on level 4 of the Dungeon.
You worshipped Cheibriados.
Cheibriados was noncommittal.
You visited 2 branches of the dungeon, and saw 5 of its levels.

You collected 174 gold pieces.

Inventory:

Hand Weapons
 a - a +0 long sword (weapon)
Armour
 b - a +0 scale mail (worn)
 r - a +0 kite shield (worn)
Jewellery
 e - an amulet of reflection (around neck)
Scrolls
 c - a scroll of identify
 f - 3 scrolls of remove curse
 g - a scroll of enchant armour {unknown}
 l - 3 scrolls of teleportation
 n - a scroll of blinking {unknown}
 o - a scroll of fear {unknown}
 p - a scroll of magic mapping {unknown}
 q - a scroll of enchant weapon {unknown}
Potions
 h - a potion of degeneration
 i - 2 potions of curing
 j - 2 potions of flight {unknown}
 k - 2 potions of attraction {unknown}
 m - a potion of brilliance {unknown}
 s - a potion of lignification {unknown}


   Skills:
 + Level 4.4 Fighting
 + Level 4.3 Long Blades
 * Level 5.3 Armour
 + Level 1.1 Dodging
 * Level 5.0 Shields


You had 4 spell levels left.
You didn't know any spells.
Your spell library was empty.

Dungeon Overview and Level Annotations

Branches:
Dungeon (4/15)             Temple (1/1) D:4

Altars:
Ashenzari
Cheibriados
Dithmenos
Elyvilon
Fedhas
Gozag
Hepliaklqana
Kikubaaqudgha
Makhleb
Nemelex Xobeh
Qazlal
Ru
Sif Muna
Trog
Uskayaw
Vehumet
Wu Jian
Xom
Yredelemnul
Zin
The Shining One


Innate Abilities, Weirdness & Mutations

You reflexively headbutt those who attack you in melee.
You have a pair of horns on your head.


Message History

You kill the iguana!
Cheibriados appreciates the change of pace.
Your Shields skill increases to level 5!
You see here an iguana corpse.
You start resting.
You hear the rapid hiss of a distant avalanche of sand.
You start resting.
An ogre comes into view. It is wielding a +0 giant spiked club.
An ogre is nearby!
The ogre shouts!
You see here an iguana corpse.
You feel very mighty all of a sudden.
You slash the ogre! Your headbutt misses the ogre.
The ogre is heavily wounded.
The ogre hits you with a +0 giant spiked club!
* * * LOW HITPOINT WARNING * * *
You slash the ogre!
The ogre is severely wounded.
The ogre hits you with a +0 giant spiked club!!
You die...

#...... +..... #......
#..... ...#
#.#####.########### #
...................
#.#.#######..###########
#.....O@.....#
###.######<..#### #
#.........#
#.##.#.##.#######
#.##.#.##.......#
#.##.#.##.#####.#
#.##.#........#.#
#.##.########.#.##
#.................


You could see an ogre.

Vanquished Creatures
  A scorpion (D:4)
  A hound (D:2)
  Jessica (D:2)
  An iguana (D:4)
  A worker ant (D:4)
  An adder (D:2)
  4 oozes
  3 worms
  A dart slug (D:1)
  4 leopard geckos
  8 bats
  3 giant cockroaches
  6 hobgoblins
  A quokka (D:2)
  3 frilled lizards
  8 goblins
  2 kobolds (D:3)
  9 rats
58 creatures vanquished.

Notes
Turn   | Place    | Note
-------+----------+-------------------------------------------
     0 | D:1      | JustYaKnow the Minotaur Fighter began the quest for the
                  | Orb.
     0 | D:1      | Reached XP level 1. HP: 19/19 MP: 0/0
   207 | D:1      | Reached XP level 2. HP: 26/27 MP: 1/1
   597 | D:2      | Reached XP level 3. HP: 27/33 MP: 2/2
   687 | D:2      | Reached XP level 4. HP: 20/40 MP: 3/3
  1050 | D:2      | Noticed Jessica
  1057 | D:2      | Killed Jessica
  1058 | D:2      | Reached skill level 1 in Dodging
  1909 | D:3      | Reached XP level 5. HP: 46/46 MP: 4/4
  2348 | D:4      | Found a staircase to the Ecumenical Temple.
  2378 | Temple   | Entered the Ecumenical Temple
  2645 | Temple   | Became a worshipper of Cheibriados the Contemplative
  2680 | D:4      | Reached skill level 5 in Armour
  2783 | D:4      | Reached skill level 5 in Shields
  2806 | D:4      | Noticed an ogre
  2811 | D:4      | Slain by an ogre

Illustrated notes

Levels and vault maps discovered:
D:1:      tarquinn_simple_flora_water_d, layout_loops_ring
D:2:      layout_basic, eino_tiny_chamber, uniq_jessica
D:3:      layout_basic, palyth_stone_intersect
D:4:      layout_basic, minmay_temple_entry_trees,
          nicolae_ossuary_entry_monument
Temple:   nicolae_temple_the_god_donut

Skill      XL: |  1  2  3  4  5 |
---------------+----------------+-----
Armour         | 4 5 |  5.3
Fighting       | 4 |  4.4
Shields        | 4 5 |  5.0
Long Blades    | 3 4 |  4.3
Dodging        | 1 |  1.1

Action                   |  1- 3 |  4- 6 || total
-------------------------+-------+-------++-------
Melee: Long sword        |    64 |   100 ||   164
       Headbutt          |     6 |    20 ||    26
  Use: Scroll            |       |     4 ||     4
       Potion            |       |     1 ||     1
Armor: Scale mail        |    33 |    34 ||    67
Dodge: Dodged            |    24 |    26 ||    50
Block: Kite shield       |    34 |    42 ||    76
       Rpst.: Long sword |     8 |     9 ||    17
